 Dungeon Crawl Stone Soup version 0.29-a0-392-g297d3b089c (webtiles) character file.

Game seed: 10401755420734698492

686 holysushi the Grave Robber (level 7, 0/50 HPs)
             Began as a Mummy Necromancer on May 8, 2022.
             Killed from afar by Ijyb (7 damage)
             ... with an iceblast
             ... on level 4 of the Dungeon.
             The game lasted 00:08:01 (5109 turns).

holysushi the Grave Robber (Mummy Necromancer)      Turns: 5109, Time: 00:08:02

Health: 0/50       AC:  4    Str: 11    XL:     7   Next: 35%
Magic:  2/12       EV: 15    Int: 15    God:
Gold:   126        SH:  0    Dex: 26    Spells: 7/12 levels left

rFire   x . .      SeeInvis .     - Unarmed
rCold   + . .      Faith    .   (no shield)
rNeg    + + +      Spirit   .   p - +2 robe {rN+}
rPois   ∞          Reflect  .   (no helmet)
rElec   .          Harm     .   (no cloak)
rCorr   .          Rampage  .   (no gloves)
Will    .....                   (no boots)
Stlth   +++.......              g - amulet of magic regeneration
HPRegen 0.16/turn               o - +6 ring of dexterity
MPRegen 0.53/turn               k - +6 ring of dexterity

@: no status effects
A: cold resistance 1, negative energy resistance 3, torment resistance 2, heat
vulnerability 1, in touch with death 1, no potions
a: no special abilities


You were on level 4 of the Dungeon.
You visited 1 branch of the dungeon, and saw 4 of its levels.

You collected 126 gold pieces.

Inventory:

Armour
 p - a +2 robe of positive energy (worn)
Jewellery
 b - a +4 ring of protection
 g - an amulet of magic regeneration (around neck)
 k - a +6 ring of dexterity (right hand)
 o - a +6 ring of dexterity (left hand)
Wands
 a - a wand of paralysis (13)
 q - a wand of iceblast (9)
Scrolls
 c - 2 scrolls of teleportation {unknown}
 d - 2 scrolls of torment {unknown}
 e - 3 scrolls of identify {unknown}
 f - 5 scrolls of blinking {unknown}
 h - a scroll of enchant armour {unknown}
 i - a scroll of magic mapping {unknown}
 j - a scroll of summoning {unknown}
 l - a scroll of fog {unknown}
 m - a scroll of fear {unknown}
 n - a scroll of amnesia {unknown}


   Skills:
 - Level 2.0 Fighting
 * Level 4.2 Dodging
 - Level 1.5 Stealth
 + Level 3.4 Unarmed Combat
 + Level 3.4 Spellcasting
 + Level 5.5 Necromancy


You had 7 spell levels left.
You knew the following spells:

 Your Spells              Type           Power      Damage    Failure   Level
a - Pain                  Necr           100%       1d9       1%          1
b - Animate Skeleton      Necr           56%        N/A       1%          1
c - Vampiric Draining     Necr           28%        2d8       6%          3

Your spell library contained the following spells:

 Spells                   Type           Power      Damage    Failure   Level
 Sting                    Tmut/Pois      8%         1d3       19%         1
 Animate Dead             Necr           14%        N/A       21%         4
 Ensorcelled Hibernation  Hex/Ice        4%         N/A       28%         2
 Poisonous Vapours        Pois/Air       4%         N/A       28%         2
 Agony                    Necr           28%        N/A       50%         5
 Anguish                  Hex/Necr       8%         N/A       52%         4
 Olgreb's Toxic Radiance  Pois           2%         N/A       88%         4
 Spider Form              Tmut/Pois      Unusable   N/A       N/A         3

Dungeon Overview and Level Annotations

Branches:
Dungeon (4/15)
 Temple: D:4-7

Altars:
Cheibriados
Hepliaklqana

Shops:
D:3 :

Annotations:
D:4 Ijyb


Innate Abilities, Weirdness & Mutations

You are immune to poison.
Your flesh is cold resistant. (rC+)
You are immune to negative energy. (rN+++)
You are immune to unholy pain and torment.
You are vulnerable to heat. (rF-)
You are in touch with the powers of death.
You do not drink.


Message History

You feel life coursing into your body. Ijyb hits you but does no damage.
Ijyb hits you with a +0 club.
* * * LOW HITPOINT WARNING * * *
Casting: Vampiric Draining (dangerous; 6% risk of failure)
Confirm with . or Enter, or press ? or * to list all spells.
Aiming: Vampiric Draining (dangerous; 6% risk of failure)
Press: ? - help, Shift-Dir - straight line, f/p - Ijyb
Aim: Ijyb, wielding a +0 club, wearing a +2 leather armour of positive energy and carrying a wand of iceblast (6) (severely wounded, berserk)
You feel a surge of power!
You draw life force from Ijyb.
Ijyb closely misses you.
Unknown command.
Ijyb attacks as you move away! Ijyb hits you with a +0 club.
* * * LOW HITPOINT WARNING * * *
Ijyb is no longer berserk.
Ijyb hits you with a +0 club.
* * * LOW HITPOINT WARNING * * *
There is a stone staircase leading up here.
Casting: Vampiric Draining (dangerous; 6% risk of failure)
Confirm with . or Enter, or press ? or * to list all spells.
Aiming: Pain (safe; 1% risk of failure)
Press: ? - help, Shift-Dir - straight line, f/p - Ijyb
Aim: Ijyb, wielding a +0 club, wearing a +2 leather armour of positive energy and carrying a wand of iceblast (6) (heavily wounded, slow, chance to affect: 88%)
You feel a surge of power!
Ijyb writhes in agony.
Casting: Pain (safe; 1% risk of failure)
Confirm with . or Enter, or press ? or * to list all spells.
Aiming: Pain (safe; 1% risk of failure)
Press: ? - help, Shift-Dir - straight line, f/p - Ijyb
Aim: Ijyb, wielding a +0 club, wearing a +2 leather armour of positive energy and carrying a wand of iceblast (6) (severely wounded, slow, chance to affect: 88%)
You feel a surge of power!
Ijyb writhes in agony.
Ijyb misses you.
You barely miss Ijyb.
Ijyb is severely wounded.
Casting: Pain (safe; 1% risk of failure)
Confirm with . or Enter, or press ? or * to list all spells.
Aiming: Pain (safe; 1% risk of failure)
Press: ? - help, Shift-Dir - straight line, f/p - Ijyb
Aim: Ijyb, wielding a +0 club, wearing a +2 leather armour of positive energy and carrying a wand of iceblast (6) (severely wounded, slow, chance to affect: 88%)
You feel a surge of power!
Ijyb writhes in agony.
Ijyb barely misses you.
Unknown command.
Ijyb zaps a wand.
The mass of ice explodes!
The iceblast engulfs you! You partially resist.
You die...

#........# #..
#########.#.##.#.# #.#
#..>....#.#.##.#.# #.#
#.#####.#.#....#.# #.#
#.##.............###.#
#.##.##.#.#...........
#.#.#.#.#........#####
#.......####...#######
#####@### ##### #...
#.# ##...####.## #.#
##.....##...[ #g#
#.......#..#. #.#
#..........## #.#
#.......#.... ###.#
##.....##..#. #...#
##...###..#. #.###
##### #....


You could see Ijyb (slow).

Vanquished Creatures
  Edmund (D:4)
  Duvessa (D:4)
  An ogre (D:4)
  A scorpion (D:3)
  Dowan (D:4)
  3 orc priests (D:3)
  An orc wizard (D:4)
  Robin (D:4)
  7 adders
  2 worms
  2 dart slugs
  13 orcs
  9 endoplasms
  4 giant cockroaches
  14 goblins
  11 hobgoblins
  2 quokkas
  2 ball pythons (D:1)
  A bat (D:1)
  4 frilled lizards
  7 kobolds
  5 rats
93 creatures vanquished.

Vanquished Creatures (others)
  3 fungi (D:1)
  29 plants
32 creatures vanquished.

Grand Total: 125 creatures vanquished

Notes
Turn   | Place    | Note
-------+----------+-------------------------------------------
     0 | D:1      | holysushi the Mummy Necromancer began the quest for the
                  | Orb.
     0 | D:1      | Reached XP level 1. HP: 13/13 MP: 4/4
   241 | D:1      | Reached XP level 2. HP: 20/20 MP: 1/5
   282 | D:1      | Reached skill level 1 in Unarmed Combat
   587 | D:1      | Reached skill level 1 in Fighting
   984 | D:1      | Found a faded altar of an unknown god.
  1137 | D:2      | Gained mutation: You are in touch with the powers of death.
                  | [Mummy growth]
  1137 | D:2      | Reached XP level 3. HP: 5/26 MP: 0/7
  1384 | D:2      | Learned a level 3 spell: Vampiric Draining
  1709 | D:2      | Learned a level 1 spell: Animate Skeleton
  2385 | D:3      | Reached XP level 4. HP: 24/32 MP: 2/8
  2661 | D:3      | Noticed a scorpion
  2670 | D:3      | Killed a scorpion
  2879 | D:3      | Reached XP level 5. HP: 35/38 MP: 5/9
  2956 | D:3      | Found Deistaze's Book Boutique.
  3704 | D:4      | Noticed Edmund
  3726 | D:4      | Killed Edmund
  3727 | D:4      | Reached skill level 5 in Necromancy
  3727 | D:4      | Reached XP level 6. HP: 9/44 MP: 0/10
  3974 | D:4      | Noticed Robin
  3992 | D:4      | Killed Robin
  4101 | D:4      | Found a hazy altar of Hepliaklqana.
  4429 | D:4      | Reached XP level 7. HP: 27/50 MP: 1/11
  4585 | D:4      | Noticed Duvessa
  4613 | D:4      | Killed Duvessa
  4614 | D:4      | Noticed Dowan
  4660 | D:4      | Killed Dowan
  5005 | D:4      | Found a snail-covered altar of Cheibriados.
  5083 | D:4      | Noticed Ijyb
  5109 | D:4      | Killed from afar by Ijyb

Illustrated notes

Levels and vault maps discovered:
D:1:      psy_arrival_terrarium, layout_basic,
          shapermc_ecumenical_altar_mp_urbaneastern
D:2:      layout_loops_cross, minmay_misc_feat_enclosed
D:3:      layout_loops_cross, serial_shops, nicolae_diamond_shop,
          minmay_checkerbox
D:4:      layout_loops_cross, mainiacjoe_overflow_paths,
          mainiacjoe_overflow_concentric_impassable, serial_bayou_lagoon_b,
          uniq_edmund, uniq_ijyb, uniq_duvessa, uniq_robin

Skill      XL: |  1  2  3  4  5  6  7 |
---------------+----------------------+-----
Unarmed Combat | 1 2 3 |  3.4
Fighting       | 1 2 |  2.0
Dodging        | 2 3 4 |  4.2
Necromancy     | 5 |  5.5
Spellcasting   | 3 |  3.4
Stealth        | |  1.5

Action                   |  1- 3 |  4- 6 |  7- 9 || total
-------------------------+-------+-------+-------++-------
Melee: Unarmed           |    70 |   107 |    30 ||   207
       Punch             |     1 |       |       ||     1
 Cast: Pain              |    77 |    86 |    23 ||   186
       Vampiric Draining |       |     4 |     7 ||    11
 Stab: Sleeping          |       |       |     1 ||     1
Armor: Robe              |    17 |    29 |     9 ||    55
Dodge: Dodged            |    32 |    87 |    32 ||   151

Table legend: (Time is in decaauts)
 A = Elapsed time spent in this place.
 B = Non-inter-level travel time spent in this place.
 C = Inter-level travel time spent in this place.
 D = Time resting spent in this place.
 E = Time spent auto-exploring this place.
 F = Levels seen in this place.
 G = Mean time per level.
                   A        B        C        D        E       F      G
               +--------+--------+--------+--------+--------+-----+--------+
         Total |   5098 |   4986 |    112 |   1797 |   2200 |   4 | 1274.5 |
       Dungeon |   5098 |   4986 |    112 |   1797 |   2200 |   4 | 1274.5 |
               +--------+--------+--------+--------+--------+-----+--------+

Top non-repeatable levels by time:
     D:3: 1685 daAuts
     D:2: 1186 daAuts
     D:4: 1158 daAuts
     D:1: 1069 daAuts
